AoeStats
← Mycorrhizal

Arena

508921297Analyzed
4v4 RM · 8d ago on Sep 24, 2026· 34m 26s· 8 players
Game mode
Random Map
Map size
Large (8 player)
Population
200
Speed
Normal
Resources
Standard
Victory
Conquest
Starting age
Dark Age
Ending age
Imperial Age
RankedLock teamsTeams togetherTeam positionsShared explorationLock speedFull tech treeHidden civsTurbo modeCheats
Victory
Defeat
🇹🇼 Byzantines · Taiwan
1525
+15
🇹🇼 Italians · Taiwan
1518
+15
🇹🇼 Bohemians · Taiwan
1513
+15
1503
+16
🇵🇪 Poles · Peru
1536
-17
🇨🇳 Franks · China
1502
-15
🇭🇰 Hindustanis · Hong Kong SAR China
1494
-15
🇨🇦 Britons · Canada
1464
-14
Mycorrhizal
9:52 Feudal Age
13:59 Castle Age
12:51 Double-Bit Axe
12:50 Horse Collar
15:05 Bow Saw
15:09 Heavy Plow
19:06 Loom
20:05 Stone Mining
20:55 Gold Mining
22:59 Wheelbarrow
22:53 Town Watch
24:38 Fletching
28:24 Imperial Age
26:19 Hand Cart
26:55 Ballistics
26:50 Bodkin Arrow
27:40 Padded Archer Armor
29:13 Bracer
28:35 Elite Longbowman
29:54 Leather Archer Armor
30:07 Pikeman
30:48 Scale Mail Armor
31:20 Ring Archer Armor
31:54 Chemistry
31:22 Forging
31:05 Gambesons
30:43 Halberdier
33:11 Masonry
33:51 Chain Mail Armor
33:00 Elite Longbowman
LinG寶寶
10:58 Feudal Age
14:48 Castle Age
13:17 Double-Bit Axe
13:59 Horse Collar
15:41 Bow Saw
22:07 Wheelbarrow
23:46 Hand Cart
25:20 Gold Mining
25:57 Bloodlines
25:48 Husbandry
26:18 Forging
26:13 Scale Barding Armor
28:20 Loom
29:18 Gold Shaft Mining
33:45 Chain Barding Armor
34:00 Iron Casting
297539664
9:46 Feudal Age
13:25 Castle Age
11:40 Double-Bit Axe
14:29 Bow Saw
23:47 Gold Mining
24:47 Wheelbarrow
25:03 Gold Shaft Mining
29:33 Imperial Age
28:33 Scale Mail Armor
28:44 Forging
28:22 Pikeman
29:03 Squires
28:50 Arson
29:43 Hand Cart
29:40 Halberdier
30:59 Chain Mail Armor
33:51 Plate Mail Armor
KLIKELIN
10:24 Feudal Age
11:33 Loom
14:19 Castle Age
12:28 Horse Collar
13:24 Double-Bit Axe
15:25 Bow Saw
20:15 Heavy Plow
22:33 Wheelbarrow
23:15 Gold Mining
23:16 Stone Mining
25:31 Stone Shaft Mining
28:02 Imperial Age
27:19 Fletching
27:30 Padded Archer Armor
27:54 Ballistics
27:51 Thumb Ring
27:07 Crossbowman
29:00 Husbandry
29:11 Bloodlines
28:22 Light Cavalry
28:24 Arbalester
29:41 Bodkin Arrow
30:02 Leather Archer Armor
30:30 Conscription
32:03 Bracer
33:04 Forging
BøM_antihack.exe
10:26 Feudal Age
12:02 Double-Bit Axe
14:48 Castle Age
13:21 Horse Collar
20:26 Wheelbarrow
23:54 Gold Mining
23:55 Stone Mining
26:59 Imperial Age
24:48 Scale Mail Armor
25:37 Gold Shaft Mining
25:26 Fervor
26:12 Sanctity
26:05 Loom
26:35 Hand Cart
27:06 Chain Mail Armor
27:01 Forging
27:38 Squires
27:23 Arson
27:23 Gambesons
27:17 Capped Ram
29:49 Plate Mail Armor
29:54 Iron Casting
29:53 Conscription
30:00 Bow Saw
31:26 Iron Casting
31:34 Elite Varangian Guard
32:41 Siege Ram
34:36 Heavy Plow
再吵去東湖框你媽出場
9:00 Feudal Age
9:35 Double-Bit Axe
9:47 Horse Collar
20:27 Castle Age
18:44 Gold Mining
19:57 Wheelbarrow
21:13 Scale Barding Armor
21:19 Forging
21:29 Bloodlines
21:39 Bow Saw
21:46 Heavy Plow
22:36 Chain Barding Armor
24:49 Hand Cart
24:36 Light Cavalry
25:56 Gold Shaft Mining
27:51 Iron Casting
27:51 Loom
32:06 Imperial Age
33:25 Plate Barding Armor
32:12 Cavalier
34:54 Blast Furnace
Tensorflow
10:17 Feudal Age
10:15 Loom
14:30 Castle Age
16:26 Town Watch
20:02 Double-Bit Axe
21:27 Horse Collar
24:14 Wheelbarrow
30:52 Imperial Age
34:44 Chemistry
33:44 Fletching
BøM_Sheuu
9:43 Feudal Age
11:29 Loom
13:44 Castle Age
12:09 Double-Bit Axe
12:32 Horse Collar
14:47 Bow Saw
18:46 Loom
21:31 Wheelbarrow
21:41 Town Watch
22:14 Gold Mining
22:48 Stone Mining
27:22 Imperial Age
25:35 Treadmill Crane
26:00 Fletching
26:48 Stone Shaft Mining
26:49 Hand Cart
26:40 Padded Archer Armor
26:58 Bodkin Arrow
28:05 Bracer
28:27 Ballistics
29:44 Leather Archer Armor
30:32 Chemistry
30:27 Conscription
30:31 Masonry
31:20 Ring Archer Armor
31:54 Elite Genoese Crossbowman
34:01 Hoardings
33:33 Town Patrol
35:32 Architecture
35:22 Bombard Tower
Connection lost

Rejoining the realm…

Still unreachable

The connection could not be restored.

Session expired

The server has moved on; the page needs a fresh start.